 Dungeon Crawl Stone Soup version 0.27.0-1-g7a08968 (webtiles) character file.

Game seed: 12713145557146938727

21 Danakh the Sneak (level 2, -2/24 HPs)
             Began as a Demonspawn Delver on Nov 27, 2021.
             Slain by a jackal (3 damage)
             ... in a sewer.
             The game lasted 00:03:05 (159 turns).

Danakh the Sneak (Demonspawn Delver)                 Turns: 159, Time: 00:03:06

Health: -2/24      AC:  3    Str: 12    XL:     2   Next: 65%
Magic:  2/2        EV: 12    Int: 11    God:
Gold:   11         SH:  0    Dex: 14    Spells: 1/1 levels left

rFire    . . .     SeeInvis .   a - +0 hand axe
rCold    . . .     Faith    .   (no shield)
rNeg     . . .     Spirit   .   b - +0 leather armour
rPois    .         Reflect  .   (no helmet)
rElec    .         Harm     .   (no cloak)
rCorr    .         Rampage  .   (no gloves)
Will     .....                  (no boots)
Stlth    +++.......             (no amulet)
HPRegen  0.08/turn              (no ring)
MPRegen  0.08/turn              (no ring)

@: very slightly contaminated, invisible
A: powered by pain 1
a: no special abilities


You were in a sewer.
You visited 1 branch of the dungeon, and saw 2 of its levels.
You also visited: Sewer.

You collected 11 gold pieces.

Inventory:

Hand Weapons
 a - a +0 hand axe (weapon)
Armour
 b - a +0 leather armour (worn)
Wands
 g - a wand of digging (3)
Scrolls
 c - a scroll of fog
 d - a scroll of magic mapping
 e - a scroll of fear
Potions
 f - a potion of haste
 i - a potion of curing {unknown}
 j - a potion of cancellation {unknown}


   Skills:
 + Level 3.1 Fighting
 * Level 2.2 Axes
 + Level 0.6 Armour
 + Level 2.0 Dodging
 - Level 4.6 Stealth


You had one spell level left.
You didn't know any spells.
Your spell library was empty.

Dungeon Overview and Level Annotations

Branches:
Dungeon (5/15)              Sewer (1/1)
 Temple: D:4-7

Altars:

Portals:
Ossuary: D:4


Innate Abilities, Weirdness & Mutations

You sometimes gain a little power by taking damage.


Message History

The jackal barks!
You hear a bark!
The jackal bites you. The jackal barely misses you.
A jackal comes into view.
You hit the jackal.
The jackal is heavily wounded.
The jackal barely misses you.
You closely miss the jackal.
The jackal is heavily wounded.
You hit the kobold.
The jackal bites you but does no damage.
The kobold closely misses you. The jackal closely misses you.
The kobold hits you with a +0 club.
* * * LOW HITPOINT WARNING * * *
It was a potion of invisibility.
You fade into invisibility!
The jackal bites you but does no damage.
The jackal misses you. The kobold hits you with a +0 club.
* * * LOW HITPOINT WARNING * * *
You are very lightly contaminated with residual magic.
Your leather armour prevents you from hitting the jackal.
The jackal is heavily wounded.
You hit the kobold.
You kill the kobold!
You barely miss the jackal. The jackal completely misses you. x2
The jackal closely misses you. x2
You slash the jackal!
You kill the jackal!
You strike the helpless jackal from behind!
You hit the jackal.
The jackal closely misses you. x2; The jackal bites you.
* * * LOW HITPOINT WARNING * * *
You barely miss the jackal. You miss the jackal. The jackal bites you.
* * * LOW HITPOINT WARNING * * *
The jackal misses you.
The jackal splashes around in the water.
You closely miss the jackal. You hit the jackal.
You kill the jackal!
The jackal bites you but does no damage.
You closely miss the jackal. The jackal closely misses you.
The jackal bites you.
You die...

#≈≈≈≈≈∩.#≈#.≈.≈######
#≈≈≈≈≈.≈#≈###..≈≈≈≈≈#
######.≈#≈# ##.######
#≈≈≈≈≈.P#≈# #.≈≈≈≈†#
######.##≈# #≈..≈.≈#
#≈≈≈..P##≈#
##≈≈..####.##
#≈≈≈P.###≈#
#≈≈.P≈≈≈≈≈≈≈ #######
########≈≈.######
≈≈≈≈≈≈≈@h†...≈.≈.
.######)...≈≈...≈
#.≈≈≈≈..≈≈..
#.≈≈..≈≈.≈P≈
#.≈.≈≈≈≈≈.P.
.≈..≈≈≈.P.PP
..≈..≈.≈P.≈#≈
≈.≈≈.......≈#


You could see a jackal.

Vanquished Creatures
  An adder (Sewer)
  A worm (D:4)
  A hobgoblin (D:4)
  3 jackals (Sewer)
  A frilled lizard (Sewer)
  2 kobolds (Sewer)
  A rat (D:4)
10 creatures vanquished.

Vanquished Creatures (others)
  2 plants (Sewer)
2 creatures vanquished.

Grand Total: 12 creatures vanquished

Notes
Turn   | Place    | Note
-------+----------+-------------------------------------------
     0 | D:5      | Danakh the Demonspawn Delver began the quest for the Orb.
     0 | D:5      | Reached XP level 1. HP: 18/18 MP: 1/1
    33 | D:4      | Found a sand-covered staircase.
    52 | D:4      | Found a glowing drain.
    73 | Sewer    | Entered a sewer
    96 | Sewer    | Gained mutation: You sometimes gain a little power by
                  | taking damage. [demonic ancestry]
    96 | Sewer    | Reached XP level 2. HP: 8/24 MP: 2/2
   156 | Sewer    | HP: 1/24 [jackal (2)]
   159 | Sewer    | Slain by a jackal

Illustrated notes

Levels and vault maps discovered:
D:4:      layout_gridville, nicolae_ossuary_entry_monument,
          cheibrodos_sewer_entry_drain, dk_vineyard_1
D:5:      layout_layer_cave
Sewer:    sewer_co_scattered_pipes

Skill      XL: |  1 |
---------------+----+-----
Axes           | 2 |  2.2
Dodging        | 2 |  2.0
Fighting       | |  3.1
Armour         | |  0.6
Stealth        | |  4.6

Action                   || total
-------------------------++-------
Melee: Hand axe          ||    33
  Use: Potion            ||     1
 Stab: Sleeping          ||     2
       Invisible         ||     1
Armor: Leather armour    ||     6
Dodge: Dodged            ||    27
